 Dungeon Crawl Stone Soup version 0.30-a0-1163-gf69bf04e7a (webtiles) character file.

Game seed: 4610808913386395716

73 NinjaNoafa the Sneak (level 4, -1/26 HPs)
             Began as a Kobold Brigand on Apr 28, 2023.
             Blown up by Ijyb (14 damage)
             ... with a mindburst bolt
             ... on level 3 of the Dungeon.
             The game lasted 00:02:45 (2395 turns).

NinjaNoafa the Sneak (Kobold Brigand)               Turns: 2395, Time: 00:02:46

Health: -1/26      AC:  3    Str:  8    XL:     4   Next: 51%
Magic:  0/0        EV: 14    Int: 12    God:
Gold:   86         SH:  0    Dex: 18    Spells: 3/3 levels left

rFire   . . .        a - +2 dagger
rCold   . . .        (no shield)
rNeg    + + +        b - +0 robe
rPois   .            (no helmet)
rElec   .            c - +0 cloak
rCorr   .            (no gloves)
SInv    +            (no boots)
Will    .....        q - amulet of Zizore {Acrobat *Corrode rN++ MP-9 SInv}
Stlth   ++++         k - ring of positive energy
HPRegen 0.24/turn    (no ring)
MPRegen 0.07/turn

%: corrode self (3%), acrobat
@: no status effects
A: small, no large weapons, nightstalker 3
a: no special abilities


You were on level 3 of the Dungeon.
You visited 1 branch of the dungeon, and saw 3 of its levels.

You collected 86 gold pieces.

Inventory:

Hand Weapons
 a - a +2 dagger (weapon)
Missiles
 d - 3 poisoned darts (quivered)
 e - 2 curare-tipped darts
Armour
 b - a +0 robe (worn)
 c - a +0 cloak (worn)
Jewellery
 k - a ring of positive energy (left hand)
 q - the amulet of Zizore (around neck) {Acrobat *Corrode rN++ MP-9 SInv}
   (You found it on level 2 of the Dungeon)

   [amulet of the acrobat]

   It increases your evasion while moving and waiting.
   rN:        It greatly protects you from negative energy.
   MP:        It affects your magic capacity (-9).
   SInv:      It lets you see invisible.
   *Corrode:  It may corrode you when you take damage.
Scrolls
 g - 2 scrolls of poison {unknown}
 h - a scroll of summoning {unknown}
 m - 3 scrolls of noise {unknown}
 n - 2 scrolls of teleportation {unknown}
 o - a scroll of amnesia {unknown}
 p - 2 scrolls of identify {unknown}
 s - a scroll of fog {unknown}
Potions
 f - 2 potions of might {unknown}
 i - a potion of lignification {unknown}
 j - a potion of attraction {unknown}
 l - a potion of haste {unknown}
 r - 2 potions of mutation {unknown}


   Skills:
 - Level 2.1 Fighting
 + Level 4.0 Short Blades
 + Level 3.2 Throwing
 - Level 1.2 Dodging
 + Level 6.2 Stealth


You had 3 spell levels left.
You didn't know any spells.
Your spell library contained the following spells:

 Spells                   Type           Power      Damage    Failure   Level
 Lesser Beckoning         Tloc           0%         N/A       45%         2
 Gell's Gravitas          Tloc           0%         N/A       69%         3
 Teleport Other           Tloc           0%         N/A       69%         3


Dungeon Overview and Level Annotations

Branches:
Dungeon (3/15)

Altars:
Qazlal

Annotations:
D:3 Ijyb


Innate Abilities, Weirdness & Mutations

You are small and have problems with some larger weapons.
You are completely attuned to the shadows.


Message History

Ijyb is heavily wounded.
You hit Ijyb but do no damage.
Ijyb is heavily wounded.
Ijyb zaps a wand.
Your mind is blasted!
Unknown command.
You are too injured to fight recklessly!
Unknown command.
Unknown command.
Throw: 7 darts (poison)
Press: ? - help, Q - select action, (/) - cycle Shift-Dir - straight line, f/p - Ijyb
Aim: Ijyb, wielding a +0 club, wearing a +1 ring mail of willpower and carrying a wand of mindburst (12) (heavily wounded, slow, 60% to hit)
You throw a poisoned dart. The poisoned dart hits Ijyb.
Ijyb is poisoned.
Ijyb is heavily wounded.
Ijyb hits you with a +0 club.
* * * LOW HITPOINT WARNING * * *
Unknown command.
Okay, then.
Unknown command.
A worm comes into view.
Throw: 6 darts (poison)
Press: ? - help, Q - select action, (/) - cycle Shift-Dir - straight line, f/p - Ijyb
Aim: Ijyb, wielding a +0 club, wearing a +1 ring mail of willpower and carrying a wand of mindburst (12) (heavily wounded, poisoned, slow, 60% to hit)
You throw a poisoned dart. The poisoned dart hits Ijyb!
Ijyb looks even sicker.
Ijyb is heavily wounded.
Unknown command.
You see here a worm corpse.
Throw: 5 darts (poison)
Press: ? - help, Q - select action, (/) - cycle Shift-Dir - straight line, f/p - Ijyb
Aim: Ijyb, wielding a +0 club, wearing a +1 ring mail of willpower and carrying a wand of mindburst (12) (heavily wounded, very poisoned, slow, 60% to hit)
You throw a poisoned dart. The poisoned dart hits Ijyb!
Ijyb looks as sick as possible!
Ijyb is heavily wounded.
Unknown command.
Throw: 4 darts (poison)
Press: ? - help, Q - select action, (/) - cycle Shift-Dir - straight line, f/p - Ijyb
Aim: Ijyb, wielding a +0 club, wearing a +1 ring mail of willpower and carrying a wand of mindburst (12) (heavily wounded, extremely poisoned, slow, 60% to hit)
You throw a poisoned dart. The poisoned dart closely misses Ijyb.
Ijyb is no longer moving slowly.
Ijyb zaps a wand.
Your mind is blasted!
Ouch! That really hurt!
You die...

####### ##.....#
####...##.###
####..#8.8#....#
##....##...####.#
#...####♣.8# #.#
.###.###...#.##.#####
## ##.##8.8##.>.@....
# #..#...#.##.###.#
## ##.##8.8# #g###$
.###.###...# #.~.w.
#...## #8.8# #.##≈~
##.## #...# #(# ~
##.# #8.8# #(~ ..##
#...# #(≈~
.#######8.8# #.~~.


You could see Ijyb (extremely poisoned).

Vanquished Creatures
  3 adders (D:2)
  A worm (D:3)
  2 dart slugs
  4 giant cockroaches
  5 hobgoblins
  4 jackals (D:1)
  5 kobolds
  A quokka (D:1)
  2 ball pythons (D:1)
  2 bats
  5 goblins
  2 rats (D:1)
36 creatures vanquished.

Notes
Turn   | Place    | Note
-------+----------+-------------------------------------------
     0 | D:1      | NinjaNoafa the Kobold Brigand began the quest for the Orb.
     0 | D:1      | Reached XP level 1. HP: 12/12 MP: 1/1
   100 | D:1      | Reached XP level 2. HP: 15/17 MP: 2/2
   517 | D:1      | Reached XP level 3. HP: 21/21 MP: 3/3
  1207 | D:2      | Found a stormy altar of Qazlal.
  1441 | D:2      | Identified the amulet of Zizore {Acrobat *Corrode rN++ MP-9
                  | SInv}
  1608 | D:2      | Reached skill level 6 in Stealth
  2039 | D:2      | Reached XP level 4. HP: 22/26 MP: 0/4
  2380 | D:3      | Noticed Ijyb
  2395 | D:3      | Blown up by Ijyb

Illustrated notes

Levels and vault maps discovered:
D:1:      matt_arrival_grand_opening, layout_basic, minmay_misc_feat_encased
D:2:      layout_basic, basic_altar, minivault_26
D:3:      layout_loops_ring, nicolae_overflow_hidden_temple,
          gammafunk_ghost_stat_death, cheibrodos_sewer_entry_sluice,
          chequers_avenue, uniq_ijyb

Skill      XL: |  1  2  3  4 |
---------------+-------------+-----
Short Blades   | 3 4 |  4.0
Throwing       | 3 |  3.2
Stealth        | 6 |  6.2
Fighting       | |  2.1
Dodging        | |  1.2

Action                     |  1- 3 |  4- 6 || total
---------------------------+-------+-------++-------
  Melee: Dagger            |    53 |    22 ||    75
  Throw: Dart              |       |     7 ||     7
   Stab: Sleeping          |    18 |     2 ||    20
 Armour: Robe              |     4 |       ||     4
  Dodge: Dodged            |    20 |     7 ||    27

Table legend: (Time is in decaauts)
 A = Elapsed time spent in this place.
 B = Non-inter-level travel time spent in this place.
 C = Inter-level travel time spent in this place.
 D = Time resting spent in this place.
 E = Time spent auto-exploring this place.
 F = Levels seen in this place.
 G = Mean time per level.
                   A        B        C        D        E       F      G
               +--------+--------+--------+--------+--------+-----+--------+
         Total |   2380 |   2297 |     83 |      0 |   1977 |   3 |  793.3 |
       Dungeon |   2380 |   2297 |     83 |      0 |   1977 |   3 |  793.3 |
               +--------+--------+--------+--------+--------+-----+--------+

Top non-repeatable levels by time:
     D:2: 1201 daAuts
     D:1: 983 daAuts
     D:3: 195 daAuts
